 Dungeon Crawl Stone Soup version 0.29-a0-459-g97dee8cd24 (webtiles) character file.

Game seed: 12971872999851038771

665 bande the Covered (level 7, -4/44 HPs)
             Began as a Gargoyle Fighter on May 21, 2022.
             Slain by an iguana (5 damage)
             ... on level 4 of the Dungeon.
             The game lasted 00:06:51 (3651 turns).

bande the Covered (Gargoyle Fighter)                Turns: 3651, Time: 00:06:52

Health: -4/44      AC: 15    Str: 20    XL:     7   Next: 57%
Magic:  7/7        EV:  7    Int:  8    God:
Gold:   169        SH:  4    Dex: 11    Spells: 6/6 levels left

rFire   . . .      SeeInvis .   a - +0 war axe (venom)
rCold   . . .      Faith    .   c - +0 buckler
rNeg    + . .      Spirit   .   f - +0 chain mail
rPois   ∞          Reflect  .   j - +0 helmet
rElec   +          Harm     .   (no cloak)
rCorr   .          Rampage  .   (no gloves)
Will    .....                   (no boots)
Stlth   ..........              (no amulet)
HPRegen 0.14/turn               (no ring)
MPRegen 0.10/turn               (no ring)

@: studying Slings
A: sickness immunity, AC +4, negative energy resistance 1, electricity
resistance, torment resistance 1, petrification resistance
a: no special abilities


You were on level 4 of the Dungeon.
You visited 1 branch of the dungeon, and saw 4 of its levels.

You collected 169 gold pieces.

Inventory:

Hand Weapons
 a - a +0 war axe of venom (weapon)
 p - a +1 falchion of flaming
Armour
 c - a +0 buckler (worn)
 f - a +0 chain mail (worn)
 j - a +0 helmet (worn)
Jewellery
 n - a ring of magical power
Wands
 o - a wand of flame (12)
Scrolls
 d - 2 scrolls of poison
 l - 3 scrolls of teleportation
Potions
 e - a potion of might
 h - a potion of brilliance
 i - a potion of curing
 k - a potion of haste
 m - a potion of ambrosia
 q - a potion of invisibility


   Skills:
 + Level 4.9 Fighting
 + Level 5.0 Axes
 + Level 5.2 Armour
 + Level 4.3 Shields
 * Level 1.7 Evocations


You had 6 spell levels left.
You didn't know any spells.
Your spell library contained the following spells:

 Spells                   Type           Power      Damage    Failure   Level
 Foxfire                  Conj/Fire      0%         2x1d4     99%         1
 Shock                    Conj/Air       0%         1d3       99%         1


Dungeon Overview and Level Annotations

Branches:
Dungeon (4/15)
 Temple: D:4-7

Altars:
Sif Muna
Trog


Innate Abilities, Weirdness & Mutations

You are immune to sickness and miasma.
Your stone body is resilient. (AC +4)
You are immune to poison.
You resist negative energy. (rN+)
You are resistant to electric shocks. (rElec)
You are resistant to unholy torment.
You are immune to petrification.


Message History

You block the hound's attack. The hound bites you.
* * * LOW HITPOINT WARNING * * *
The hound stops to sniff the ground.
The hound closely misses you.
You slash the hound!
The hound is poisoned.
The hound is heavily wounded.
You hit the orc.
You kill the orc!
You barely miss the hound.
The hound bites you but does no damage. x2
The hound completely misses you. The hound bites you but does no damage.
Unknown command.
You closely miss the hound.
The hound is heavily wounded.
You slash the orc!
You kill the orc!
You miss the hound.
The hound bites you but does no damage. x2
The hound barely misses you.
The orc priest calls down the wrath of Beogh upon you.
Beogh smites you!
* * * LOW HITPOINT WARNING * * *
You barely miss the hound.
The hound is heavily wounded.
You slash the orc priest!
The orc priest is poisoned.
You slash the hound!
You kill the hound!
The hound bites you but does no damage. x2
The orc priest hits you with a +1 short sword of holy wrath.
* * * LOW HITPOINT WARNING * * *
Your Axes skill increases to level 5!
You barely miss the hound.
The hound is severely wounded.
You closely miss the orc priest. You hit the orc.
The hound bites you but does no damage. The orc priest closely misses you.
The hound bites you but does no damage.
You hit the hound but do no damage.
The hound looks as sick as possible!
The hound is severely wounded.
You slash the iguana!
The iguana is poisoned.
You closely miss the orc. You slash the orc priest!
You kill the orc priest!
The hound bites you but does no damage. The iguana bites you.
You die...

#.###_[.############
#.# #..###..........
#.# #### #..........
#.########?..)......
#...................
##########..........
#o.........
#ho........
#@o...##### #.l...#
#.....# #.....#
#.....# #.....#
#######


You could see an iguana (very poisoned), a hound (extremely poisoned) and 3
orcs.

Vanquished Creatures
  Sigmund (D:2)
  An orc warrior (D:4)
  A black bear (D:4)
  A scorpion (D:4)
  A jelly (D:4)
  2 hounds (D:4)
  An orc priest (D:4)
  Natasha (twice) (D:2)
  An orc wizard (D:4)
  4 adders
  A worm (D:3)
  A dart slug (D:4)
  8 orcs (D:4)
  9 endoplasms
  3 giant cockroaches
  7 goblins
  A hobgoblin (D:1)
  2 quokkas
  8 ball pythons
  6 bats
  2 frilled lizards
  6 kobolds
  10 rats
79 creatures vanquished.

Notes
Turn   | Place    | Note
-------+----------+-------------------------------------------
     0 | D:1      | bande the Gargoyle Fighter began the quest for the Orb.
     0 | D:1      | Reached XP level 1. HP: 14/14 MP: 1/1
   156 | D:1      | Reached XP level 2. HP: 18/19 MP: 2/2
   693 | D:2      | Reached XP level 3. HP: 21/24 MP: 3/3
   834 | D:2      | Noticed Sigmund
   857 | D:2      | Killed Sigmund
   858 | D:2      | Reached XP level 4. HP: 4/29 MP: 4/4
   858 | D:2      | Reached XP level 5. HP: 4/33 MP: 5/5
  1340 | D:2      | Noticed Natasha
  1348 | D:2      | Killed Natasha
  1349 | D:2      | Reached XP level 6. HP: 31/39 MP: 6/6
  1484 | D:2      | Noticed Natasha
  1493 | D:2      | Killed Natasha
  1965 | D:3      | Found a faded altar of an unknown god.
  2982 | D:4      | Reached skill level 1 in Evocations
  3099 | D:4      | Noticed a black bear
  3107 | D:4      | Killed a black bear
  3108 | D:4      | Reached skill level 5 in Armour
  3108 | D:4      | Reached XP level 7. HP: 32/44 MP: 7/7
  3228 | D:4      | Found a bloodstained altar of Trog.
  3610 | D:4      | Found a shimmering blue altar of Sif Muna.
  3614 | D:4      | Got Sif Muna's Grimoire of Confrontation
  3649 | D:4      | HP: 1/44 [orc priest/+1 short sword of holy wrath (2)]
  3650 | D:4      | Reached skill level 5 in Axes
  3651 | D:4      | Slain by an iguana

Illustrated notes

Levels and vault maps discovered:
D:1:      lightli_iron_boxes, layout_basic, minmay_pentomino_v4
D:2:      layout_rooms, uniq_sigmund, uniq_natasha
D:3:      layout_basic, basic_ecumenical_altar, minivault_5, grunt_decor_cap
D:4:      layout_gridville, nzn_overflow_gifts_of_might_and_magic, serial_glass,
          glass_columns_b, glass_columns_b, kennysheep_another_room,
          minmay_manual_monolith

Skill      XL: |  1  2  3  4  5  6  7 |
---------------+----------------------+-----
Axes           | 2 3 4 5 |  5.0
Fighting       | 4 |  4.9
Armour         | 4 5 |  5.2
Shields        | 4 |  4.3
Evocations     | 1 |  1.7

Action                   |  1- 3 |  4- 6 |  7- 9 || total
-------------------------+-------+-------+-------++-------
Melee: War axe           |    95 |   109 |    30 ||   234
  Use: Potion            |     1 |       |     1 ||     2
       Scroll            |       |    14 |     1 ||    15
Armor: Scale mail        |    58 |    73 |     9 ||   140
       Chain mail        |       |       |    15 ||    15
Dodge: Dodged            |    52 |    52 |    19 ||   123
Block: Buckler           |    17 |    25 |     5 ||    47

Table legend: (Time is in decaauts)
 A = Elapsed time spent in this place.
 B = Non-inter-level travel time spent in this place.
 C = Inter-level travel time spent in this place.
 D = Time resting spent in this place.
 E = Time spent auto-exploring this place.
 F = Levels seen in this place.
 G = Mean time per level.
                   A        B        C        D        E       F      G
               +--------+--------+--------+--------+--------+-----+--------+
         Total |   3745 |   3675 |     70 |    698 |   2168 |   4 |  936.2 |
       Dungeon |   3745 |   3675 |     70 |    698 |   2168 |   4 |  936.2 |
               +--------+--------+--------+--------+--------+-----+--------+

Top non-repeatable levels by time:
     D:3: 1196 daAuts
     D:2: 1077 daAuts
     D:4: 788 daAuts
     D:1: 682 daAuts
